 Dungeon Crawl Stone Soup version 0.27.1-33-g824d729ab1 (webtiles) character file.

Game seed: 4519863631294391191

1224 belegose the Skirmisher (level 8, 0/80 HPs)
             Began as a Troll Chaos Knight on Dec 3, 2021.
             Was a Plaything of Xom.
             Succumbed to a kobold brigand's curare-tipped dart
             ... on level 5 of the Dungeon.
             The game lasted 00:09:07 (3743 turns).

belegose the Skirmisher (Troll Chaos Knight)        Turns: 3743, Time: 00:09:07

Health: 0/80       AC:  6    Str: 23    XL:     8   Next: 23%
Magic:  7/7        EV:  9    Int: 10    God:    Xom [..*...]
Gold:   202        SH:  0    Dex:  5    Spells: 7/7 levels left

rFire    . . .     SeeInvis .   a - +0 mace (chaos)
rCold    . . .     Faith    .   (no shield)
rNeg     . . .     Spirit   .   g - +2 robe
rPois    .         Reflect  .   (helmet restricted)
rElec    .         Harm     .   (no cloak)
rCorr    .         Rampage  .   (gloves unavailable)
Will     ++...                  (boots unavailable)
Stlth    +.........             u - amulet of magic regeneration
HPRegen  1.23/turn              h - ring of willpower
MPRegen  0.35/turn              m - ring of willpower

@: lethally poisoned (0 -> -18), unable to read, slowed, very slow
A: large, unfitting armour, claws 3, regeneration 1, shaggy fur 1, tough skin 1,
antennae 1, clumsy 2, strong 1, inability to read while threatened
a: Renounce Religion


You were on level 5 of the Dungeon.
You worshipped Xom.
You were a toy of Xom.
You visited 1 branch of the dungeon, and saw 5 of its levels.

You collected 202 gold pieces.

Inventory:

Hand Weapons
 a - a +0 mace of chaos (weapon)
 b - a +1 dagger of venom
Missiles
 f - 186 stones (quivered)
 l - 30 poisoned darts
Armour
 g - a +2 robe (worn)
Jewellery
 h - a ring of willpower (left claw)
 m - a ring of willpower (right claw)
 u - an amulet of magic regeneration (around neck)
Wands
 r - a wand of flame (18)
Scrolls
 c - 5 scrolls of identify {unknown}
 e - 4 scrolls of teleportation {unknown}
 n - a scroll of amnesia {unknown}
 o - a scroll of silence {unknown}
 q - a scroll of acquirement {unknown}
 t - a scroll of noise {unknown}
 v - a scroll of torment {unknown}
Potions
 d - 3 potions of curing
 i - 2 potions of heal wounds {unknown}
 j - a potion of cancellation {unknown}
 k - a potion of mutation {unknown}
 p - a potion of flight {unknown}
 s - 2 potions of degeneration {unknown}


   Skills:
 + Level 5.0 Fighting
 - Level 3.0 Short Blades
 - Level 3.0 Maces & Flails
 + Level 4.3 Throwing
 + Level 4.1 Armour
 - Level 1.9 Dodging


You had 7 spell levels left.
You didn't know any spells.
Your spell library contained the following spells:

 Spells                   Type           Power      Damage    Failure   Level
 Magic Dart               Conj           0%         1d3       36%         1
 Call Imp                 Summ           0%         N/A       50%         2
 Mephitic Cloud           Conj/Pois/Air  0%         N/A       75%         3


Dungeon Overview and Level Annotations

Branches:
Dungeon (5/15)
 Temple: D:4-7

Altars:
Elyvilon
Gozag
Kikubaaqudgha
Makhleb
Nemelex Xobeh
Qazlal
Ru
Sif Muna
Trog
Xom
Zin
The Shining One


Innate Abilities, Weirdness & Mutations

You are too large for most types of armour.
You have claws for hands.
Your natural rate of healing is unusually fast.
You are covered in fur. (AC +1)
You have tough skin. (AC +1)
You have a pair of small antennae on your head.
You are very clumsy. (Dex -4)
Your muscles are strong. (Str +2)
You sometimes lose the ability to read scrolls when taking damage.


Message History

You have difficulty breathing.
You feel threatened and lose the ability to read scrolls!
You feel as though you will be slow longer.
You can read scrolls again.
You feel very sick.
The kobold brigand throws a curare-tipped dart.
The curare-tipped dart hits you.
You are more poisoned.
You have difficulty breathing.
You feel threatened and lose the ability to read scrolls!
You feel as though you will be slow longer.
You open the door.
You can read scrolls again.
You feel very sick.
The electric eel shoots out a bolt of lightning at you!
The bolt of electricity hits the plant!
The plant begins to die.
The bolt of electricity hits you.
You feel threatened and lose the ability to read scrolls!
The kobold brigand throws a curare-tipped dart.
The curare-tipped dart hits you.
You are more poisoned.
You have difficulty breathing.
You feel as though you will be slow longer.
You feel extremely sick.
The electric eel shoots out a bolt of lightning at you!
The bolt of electricity hits the plant!
The bolt of electricity hits you!
* * * LOW HITPOINT WARNING * * *
The kobold brigand throws a curare-tipped dart.
The curare-tipped dart misses you.
You feel very sick.
The kobold brigand throws a curare-tipped dart.
The curare-tipped dart hits you.
You are lethally poisoned!
You have difficulty breathing.
* * * LOW HITPOINT WARNING * * *
You feel as though you will be slow longer.
You enter the shallow water.
Moving in this stuff is going to be slow.
You die...
Xom thinks this is hilarious!

...#.# #...# ..
.P!/≈##'## ...#.#
########.# .#
..P.≈≈#.# ...#.#
.........# K#
...(≈;#.# ##.#.#
####....###≈#
.P.!≈;#≈# #...#
#.##.##≈≈# .≈≈.{##≈#
##..# #.##.##.#
########≈## #..#
####>##.#..#
.P≈.≈##≈## ###..#
#.......#.#'..P.!≈;#†#
#....#
#.#..####@#....P($;#.#
#..†.###.#.##
#≈#...≈P.≈{#.#
#...>'...#.#
#≈##..≈.;≈##.#
#....#)..#.#
##.########≈##
#....#...#..
##...≈≈≈≈≈##
#....#...###
########## ######...#
#...# #...#


You could see a kobold brigand.

Vanquished Creatures
  Menkaure (D:4)
  A water moccasin (D:5)
  A black bear (D:5)
  An ice beast (D:4)
  2 ogres (D:5)
  A boggart (D:3)
  A phantom (D:5)
  A scorpion (D:4)
  A howler monkey (D:3)
  A centaur zombie (D:5)
  3 hounds (D:4)
  A centaur skeleton (D:4)
  An orc wizard (D:4)
  3 hound skeletons
  A hound zombie (D:5)
  6 gnolls
  8 adders
  2 dart slugs (D:1)
  5 orcs
  4 endoplasms
  5 giant cockroaches
  2 goblins
  7 hobgoblins
  2 jackals (D:1)
  9 kobolds
  8 quokkas
  3 ball pythons
  7 bats
  4 frilled lizards
  3 rats
95 creatures vanquished.

Notes
Turn   | Place    | Note
-------+----------+-------------------------------------------
     0 | D:1      | belegose the Troll Chaos Knight began the quest for the
                  | Orb.
     0 | D:1      | Reached XP level 1. HP: 22/22 MP: 0/0
   101 | D:1      | XOM: divination: magic mapping
   133 | D:1      | Reached XP level 2. HP: 29/29 MP: 1/1
   242 | D:1      | XOM: silly message
   506 | D:1      | XOM: potion effect (haste)
   514 | D:1      | Reached skill level 1 in Armour
   554 | D:1      | Reached XP level 3. HP: 36/36 MP: 2/2
  1029 | D:2      | Found a sacrificial altar of Ru.
  1080 | D:2      | Reached skill level 3 in Fighting
  1080 | D:2      | Reached skill level 1 in Throwing
  1086 | D:2      | XOM: divination: detect items
  1087 | D:2      | Reached XP level 4. HP: 34/45 MP: 3/3
  1154 | D:2      | XOM: divination: detect items
  1163 | D:2      | Reached skill level 1 in Short Blades
  1192 | D:2      | XOM: divination: detect creatures
  1244 | D:2      | XOM: scenery: create altars
  1289 | D:2      | XOM: give mutation
  1289 | D:2      | Gained mutation: You have a pair of small antennae on your
                  | head. [Xom's grace]
  1342 | D:2      | XOM is BORED!
  1342 | D:2      | XOM: silly message
  1378 | D:2      | XOM: noise
  1381 | D:2      | Found a faded altar of an unknown god.
  1566 | D:2      | XOM: give mutation
  1566 | D:2      | Gained mutation: Your muscles are strong. (Str +2) [Xom's
                  | grace]
  1743 | D:3      | Noticed Ijyb
  1750 | D:3      | Noticed Ijyb
  1750 | D:3      | Ijyb changed into Ijyb the boggart
  1750 | D:3      | XOM: polymorph Ijyb -> Ijyb the boggart
  1762 | D:3      | Killed Ijyb the boggart
  1763 | D:3      | Reached XP level 5. HP: 47/53 MP: 4/4
  1803 | D:3      | XOM: 4-stop teleportation journey
  1905 | D:3      | XOM: polymorph gnoll -> howler monkey
  1908 | D:3      | XOM: divination: detect creatures
  1928 | D:3      | XOM: noise
  1954 | D:2      | Reached XP level 6. HP: 43/61 MP: 5/5
  2016 | D:3      | XOM: give mutations
  2016 | D:3      | Gained mutation: You sometimes lose the ability to read
                  | scrolls when taking damage. [Xom's mischief]
  2016 | D:3      | Gained mutation: You are clumsy. (Dex -2) [Xom's mischief]
  2016 | D:3      | Gained mutation: You are very clumsy. (Dex -4) [Xom's
                  | mischief]
  2570 | D:4      | XOM: polymorph giant cockroach -> quokka
  2584 | D:4      | XOM: cast spell 'Summon Ice Beast'
  2620 | D:4      | Found a burning altar of Makhleb.
  2621 | D:4      | Found a glowing silver altar of Zin.
  2623 | D:4      | Noticed an ice beast
  2634 | D:4      | XOM: cast spell 'Alistair's Intoxication'
  2641 | D:4      | Killed an ice beast
  2671 | D:4      | Reached XP level 7. HP: 68/68 MP: 6/6
  2762 | D:4      | Reached skill level 4 in Fighting
  2845 | D:4      | Noticed Menkaure
  2850 | D:4      | Killed Menkaure
  2854 | D:4      | XOM: cloud trail
  3060 | D:4      | XOM: polymorph ball python -> frilled lizard
  3075 | D:4      | XOM: god gift: hand crossbow {god gift}
  3085 | D:4      | Found an ancient bone altar of Kikubaaqudgha.
  3086 | D:4      | Found a sparkling altar of Nemelex Xobeh.
  3087 | D:4      | Found a shimmering blue altar of Sif Muna.
  3087 | D:4      | Found a bloodstained altar of Trog.
  3087 | D:4      | Found a white marble altar of Elyvilon.
  3087 | D:4      | Found an opulent altar of Gozag.
  3088 | D:4      | Found a stormy altar of Qazlal.
  3091 | D:4      | Found a glowing golden altar of the Shining One.
  3120 | D:5      | Entered Level 5 of the Dungeon
  3394 | D:5      | Reached XP level 8. HP: 79/79 MP: 7/7
  3402 | D:5      | XOM: silly message
  3428 | D:5      | XOM: cast spell 'Olgreb's Toxic Radiance'
  3648 | D:5      | Reached skill level 5 in Fighting
  3743 | D:5      | Succumbed to a kobold brigand's curare-tipped dart

Illustrated notes

Levels and vault maps discovered:
D:1:      eino_arrival_cavern_d, layout_basic
D:2:      layout_loops_cross, basic_altar, basic_ecumenical_altar
D:3:      layout_loops_ring, uniq_ijyb
D:4:      layout_basic, minitemple, uniq_menkaure
D:5:      cheibrodos_two_vegetables, layout_basic,
          gammafunk_temple_overflow_wave, kennysheep_generic_room_8

Skill      XL: |  1  2  3  4  5  6  7  8 |
---------------+-------------------------+-----
Maces & Flails | 3 |  3.0
Armour         | 1 2 3 4 |  4.1
Fighting       | 3 4 5 |  5.0
Throwing       | 1 2 3 4 |  4.3
Short Blades   | 1 2 3 |  3.0
Dodging        | |  1.9

Action                   |  1- 3 |  4- 6 |  7- 9 || total
-------------------------+-------+-------+-------++-------
Melee: Mace              |    70 |    22 |   113 ||   205
       Dagger            |    60 |   120 |       ||   180
Evoke: Wand              |       |       |     3 ||     3
  Use: Potion            |       |       |     1 ||     1
 Stab: Sleeping          |     1 |       |       ||     1
Armor: Robe              |    78 |    59 |    44 ||   181
Dodge: Dodged            |    64 |    60 |    75 ||   199
